 Dungeon Crawl Stone Soup version 0.29-a0-317-gd16b76e6b1 (webtiles) character file.

Game seed: 9822637170305507221

648 Bnni the Chopper (level 7, 0/41 (58) HPs)
             Began as a Formicid Abyssal Knight on Mar 30, 2022.
             Was an Elder of Lugonu.
             Slain by P0WERM0DE's ghost (2 damage)
             ... on level 4 of the Dungeon.
             The game lasted 00:13:00 (6595 turns).

Bnni the Chopper (Formicid Abyssal Knight)          Turns: 6595, Time: 00:13:01

HP:   0/41 (58)     AC:  9    Str: 20    XL:     7   Next: 83%
MP:   8/8           EV:  7    Int:  9    God:    Lugonu [****..]
Gold: 146           SH:  0    Dex: 11    Spells: 6/6 levels left

rFire   + . .      SeeInvis +   v - +3 hand axe (elec)
rCold   + . .      Faith    .   (no shield)
rNeg    . . .      Spirit   .   l - +0 chain mail
rPois   +          Reflect  .   (helmet unavailable)
rElec   +          Harm     .   (no cloak)
rCorr   +          Rampage  .   n - +0 pair of gloves
Will    .....                   (no boots)
Stlth   ..........              (no amulet)
HPRegen 0.13/turn               (no ring)
MPRegen 0.11/turn               i - ring of resist corrosion

@: mighty, brilliant, resistant, flying, very heavily drained
A: permanent stasis, dig shafts and tunnels, antennae 3, four strong arms
a: Dig, Shaft Self, Renounce Religion, Depart the Abyss, Bend Space, Banish,
Corrupt


You were on level 4 of the Dungeon.
You worshipped Lugonu.
Lugonu was greatly pleased with you.
You visited 2 branches of the dungeon, and saw 5 of its levels.
You visited the Abyss 1 time.
You also visited: Sewer.

You collected 234 gold pieces.
You spent 88 gold pieces at shops.

Inventory:

Hand Weapons
 d - a +0 war axe
 j - a +1 dagger of venom
 v - a +3 hand axe of electrocution (weapon)
Missiles
 m - 2 javelins
 o - 4 poisoned darts
Armour
 l - a +0 chain mail (worn)
 n - a +0 pair of gloves (worn)
Jewellery
 h - a ring of fire
 i - a ring of resist corrosion (right hand)
Scrolls
 b - a scroll of enchant weapon
 c - 2 scrolls of noise {unknown}
 e - a scroll of enchant armour
 p - a scroll of blinking
 q - a scroll of summoning {unknown}
 s - a scroll of fog
Potions
 f - a potion of cancellation
 k - a potion of brilliance
 t - a potion of resistance


   Skills:
 + Level 6.0 Fighting
 * Level 6.7 Axes
 - Level 2.1 Armour
 - Level 0.8 Dodging
 - Level 2.1 Invocations


You had 6 spell levels left.
You didn't know any spells.
Your spell library contained the following spells:

 Spells                   Type           Power      Damage    Failure   Level
 Sandblast                Erth           0%         2d4       99%         1
 Passwall                 Tmut/Erth      0%         N/A       100%        2
 Stone Arrow              Conj/Erth      0%         3d7       100%        3


Dungeon Overview and Level Annotations

Branches:
Dungeon (4/15)             Temple (1/1) D:4           Sewer (visited)

Altars:
Ashenzari
Dithmenos
Fedhas
Gozag
Hepliaklqana
Kikubaaqudgha
Makhleb
Nemelex Xobeh
Uskayaw
Vehumet
The Shining One
Beogh

Shops:
D:3 *

Annotations:
D:4 P0WERM0DE's ghost, amateur TrCK


Innate Abilities, Weirdness & Mutations

You cannot be hasted, slowed, berserked, paralysed or teleported.
You can dig through walls and to a lower floor.
You have a pair of large antennae on your head. (SInv)
Your four strong arms can wield two-handed weapons with a shield.


Message History

You're too confused to move!
P0WERM0DE's ghost hits you but does no damage.
You bump into the rock wall.
P0WERM0DE's ghost hits you but does no damage.
You hit P0WERM0DE's ghost.
P0WERM0DE's ghost is lightly damaged.
P0WERM0DE's ghost hits you.
You barely miss P0WERM0DE's ghost.
P0WERM0DE's ghost is lightly damaged.
P0WERM0DE's ghost hits you.
You hit P0WERM0DE's ghost but do no damage.
You punch P0WERM0DE's ghost, but do no damage.
P0WERM0DE's ghost is lightly damaged.
You feel less invigorated.
You feel less confused. P0WERM0DE's ghost hits you.
You completely miss P0WERM0DE's ghost.
P0WERM0DE's ghost is lightly damaged.
P0WERM0DE's ghost keens inconsolably.
P0WERM0DE's ghost hits you!
You hit P0WERM0DE's ghost but do no damage.
Lightning courses through P0WERM0DE's ghost!
P0WERM0DE's ghost is moderately damaged.
P0WERM0DE's ghost hits you but does no damage.
You closely miss P0WERM0DE's ghost.
P0WERM0DE's ghost is moderately damaged.
P0WERM0DE's ghost hits you!
* * * LOW HITPOINT WARNING * * *
Okay, then.
It was a potion of might.
You feel very mighty all of a sudden. P0WERM0DE's ghost barely misses you.
Okay, then.
It was a potion of berserk rage.
Your stasis prevents you from going berserk.
P0WERM0DE's ghost closely misses you.
It was a potion of flight.
You feel very buoyant.
You fly up into the air.
P0WERM0DE's ghost hits you.
You die...

#.#.###.# *,,,
*********#.#.##..#***********
#####,,,,{,,,..#.....#8..,{,_[...
....#,*****##..####..#..........,
###.#>* *,......{...#.#8#..8..#8
*,*,* *,##..####.##.###.....*#
*,*,* *,*#.......##....#####..
*,*,****,*#.#####.##.{o.Wo.....
*,,,,,,,,**,*#@#...######o''###
***,,,,,,,{,*##W#.#8...o....(..
*********** ###.#............
#.....{....#### ############


You could see P0WERM0DE's ghost.

Vanquished Creatures
  Sigmund (D:2)
  A kobold brigand (Sewer)
  A jelly (D:4)
  2 orc priests
  An orc wizard (D:3)
  Robin (D:2)
  11 adders
  4 river rats (Sewer)
  3 worms
  2 dart slugs
  16 orcs
  13 ball pythons
  4 bats
  6 endoplasms
  8 giant cockroaches
  13 goblins
  11 hobgoblins
  5 jackals
  13 kobolds
  4 quokkas
  4 frilled lizards
  5 rats
129 creatures vanquished.

Vanquished Creatures (others)
  33 plants
33 creatures vanquished.

Grand Total: 162 creatures vanquished

Notes
Turn   | Place    | Note
-------+----------+-------------------------------------------
     0 | Abyss:1  | Bnni the Formicid Abyssal Knight began the quest for the
                  | Orb.
     0 | Abyss:1  | Reached XP level 1. HP: 18/18 MP: 2/2
    25 | Abyss:1  | Noticed a stone giant simulacrum
    37 | D:1      | Escaped the Abyss
   368 | D:1      | Reached XP level 2. HP: 24/24 MP: 3/3
  1033 | D:1      | Reached XP level 3. HP: 30/30 MP: 4/4
  1052 | D:1      | Reached *** piety under Lugonu
  1440 | D:2      | Noticed Sigmund
  1839 | D:2      | Noticed Robin
  1871 | D:2      | Killed Robin
  1872 | D:2      | Reached XP level 4. HP: 11/32 MP: 5/5
  2523 | D:2      | Found a faded altar of an unknown god.
  2716 | D:2      | Killed Sigmund
  2717 | D:2      | Reached skill level 5 in Axes
  2717 | D:2      | Reached XP level 5. HP: 10/43 MP: 6/6
  2717 | D:2      | Reached XP level 6. HP: 11/50 MP: 7/7
  3166 | D:3      | Reached skill level 5 in Fighting
  3641 | D:3      | Found Syteyn Ysucs's Assorted Antiques.
  3645 | D:3      | Bought a dark potion for 28 gold pieces
  3645 | D:3      | Bought a bubbling black potion for 28 gold pieces
  3645 | D:3      | Bought a scroll labelled UTIVIYNALUN for 32 gold pieces
  3918 | D:3      | Found a sparkling altar of Nemelex Xobeh.
  4137 | D:3      | Reached **** piety under Lugonu
  4352 | D:4      | Reached XP level 7. HP: 43/56 MP: 8/8
  4506 | D:4      | Found a glowing drain.
  4631 | Sewer    | Entered a sewer
  5937 | D:4      | Found a staircase to the Ecumenical Temple.
  5951 | Temple   | Entered the Ecumenical Temple
  6353 | D:4      | Found a runed translucent gate.
  6353 | D:4      | Identified the +1 leather armour of Rele {Stlth+}
  6354 | D:4      | Found a runed translucent gate.
  6355 | D:4      | Found a runed translucent gate.
  6355 | D:4      | Noticed P0WERM0DE's ghost (amateur TrCK)
  6356 | D:4      | Identified the +0 plate armour of Death's Door {Int+2}
  6592 | D:4      | HP: 1/41 [P0WERM0DE's ghost (14)]
  6595 | D:4      | Slain by P0WERM0DE's ghost

Illustrated notes

Levels and vault maps discovered:
D:1:      ncdulo_smallfort, layout_rooms, minmay_surrounded
D:2:      layout_loops_ring, chequers_ecumenical_altar_simple,
          serial_bayou_pond_c, kennysheep_big_empty_room, uniq_sigmund,
          uniq_robin
D:3:      layout_loops_ring, nemelex_spade_bored_becter, serial_shops,
          nicolae_shop_behind_doors
D:4:      minmay_chambers_of_threes, layout_loops_ring,
          nicolae_qazlal_style_of_elements, minmay_temple_entry_wispy,
          biasface_ghost_orc_armoury, gup_sewer_entry_glass,
          hangedman_decor_riveting
Temple:   eino_wide_crystal_templ

Skill      XL: |  1  2  3  4  5  6  7 |
---------------+----------------------+-----
Axes           | 3 5 6 |  6.7
Fighting       | 4 5 6 |  6.0
Armour         | |  2.1
Dodging        | |  0.8
Invocations    | |  2.1

Action                   |  1- 3 |  4- 6 |  7- 9 || total
-------------------------+-------+-------+-------++-------
Melee: Hand axe          |   118 |       |     8 ||   126
       Dagger            |       |   157 |   261 ||   418
       Club              |       |     4 |       ||     4
       Punch             |       |     3 |     6 ||     9
 Abil: Dig               |     1 |       |     4 ||     5
  Use: Scroll            |     3 |     6 |     1 ||    10
       Potion            |       |     2 |     7 ||     9
Armor: Leather armour    |    31 |    39 |       ||    70
       Chain mail        |       |       |   144 ||   144
Dodge: Dodged            |    68 |    77 |   101 ||   246

Table legend: (Time is in decaauts)
 A = Elapsed time spent in this place.
 B = Non-inter-level travel time spent in this place.
 C = Inter-level travel time spent in this place.
 D = Time resting spent in this place.
 E = Time spent auto-exploring this place.
 F = Levels seen in this place.
 G = Mean time per level.
                   A        B        C        D        E       F      G
               +--------+--------+--------+--------+--------+-----+--------+
         Total |   6754 |   6670 |     84 |   2244 |   2888 |   7 |  964.9 |
       Dungeon |   5220 |   5157 |     63 |   1694 |   2332 |   4 | 1305.0 |
        Temple |     82 |     61 |     21 |      0 |     54 |   1 |   82.0 |
         Abyss |     37 |     37 |      0 |      0 |      0 |   1 |   37.0 |
         Sewer |   1414 |   1414 |      0 |    550 |    502 |   1 | 1414.0 |
               +--------+--------+--------+--------+--------+-----+--------+

Top non-repeatable levels by time:
     D:2: 2135 daAuts
   Sewer: 1414 daAuts
     D:3: 1185 daAuts
     D:1: 995 daAuts
     D:4: 904 daAuts
  Temple: 82 daAuts
 Abyss:1: 37 daAuts
